 Dungeon Crawl Stone Soup version 0.19-a0-1908-g43c011f (webtiles) character file.

73719 motkuristreak the Brawler (level 15, -18/156 HPs)
             Began as a Troll Transmuter on Oct 22, 2016.
             Was the Champion of Makhleb.
             Demolished by a white very ugly thing (46 damage)
             ... on level 2 of the Abyss.
             The game lasted 00:59:29 (16669 turns).

motkuristreak the Brawler (Troll Transmuter)       Turns: 16669, Time: 00:59:30

Health: -18/156    AC: 10    Str: 22    XL:     15   Next: 4%
Magic:  0/22       EV: 16    Int:  9    God:    Makhleb [******]
Gold:   3398       SH:  9    Dex: 13    Spells: 1 memorised, 15 levels left

rFire  . . .     SeeInvis +       - Unarmed
rCold  . . .     Gourm    +     Q - +2 robe of Untruth {*Contam rN+++ SInv Stlth+}
rNeg   + + +     Faith    .     z - +0 shield
rPois  .         Spirit   +     Y - +1 hat {Spirit}
rElec  .         Reflect  .     t - +2 cloak
rCorr  .         Harm     .     (gloves unavailable)
MR     ++...                    (boots unavailable)
Stlth  ++........               T - amulet of regeneration
                                U - ring of protection from magic
                                A - +4 ring of evasion

@: about to teleport
A: unfitting armour, claws 3, clumsy 1, deformed body, fast metabolism 3,
gourmand, regeneration 1, shaggy fur 1, tough skin 2, subdued magic 1
a: Minor Destruction, Lesser Servant of Makhleb, Major Destruction, Greater
Servant of Makhleb, Renounce Religion


You were on level 2 of the Abyss.
You worshipped Makhleb.
Makhleb was exalted by your worship.
You were very full.

You visited 4 branches of the dungeon, and saw 21 of its levels.
You visited the Abyss 1 time.
You also visited: Bailey.

You collected 3677 gold pieces.
You spent 279 gold pieces at shops.

Inventory:

Hand Weapons
 L - a +1 whip of draining
Missiles
 h - 673 stones (quivered)
Armour
 t - a +2 cloak (worn)
 z - a +0 shield (worn)
 F - a +0 troll leather armour
 Q - the +2 robe of Untruth (worn) {*Contam rN+++ SInv Stlth+}
   (You found it on level 7 of the Dungeon)

   It renders you almost immune to negative energy.
   It lets you see invisible.
   It causes magical contamination when unequipped.
   It makes you more stealthy.
 Y - a +1 hat of spirit shield (worn)
Jewellery
 A - a +4 ring of evasion (left claw)
 G - an uncursed ring of poison resistance
 I - an uncursed ring of protection from cold
 J - the amulet "Iniob" {Gourm rN++}
   (You bought it in a shop on level 5 of the Dungeon)

   [amulet of the gourmand]

   It allows you to eat raw meat even when not hungry.
   It greatly protects you from negative energy.
 T - an amulet of regeneration (around neck)
 U - a ring of protection from magic (right claw)
 W - an uncursed ring of fire
Wands
 f - a wand of disintegration (5/24)
 u - a wand of digging (7/24)
 y - a wand of acid (6/15)
 V - a wand of teleportation (2/9)
Scrolls
 i - 3 scrolls of magic mapping
 j - 12 scrolls of remove curse
 k - a scroll of teleportation
 n - 4 scrolls of enchant armour
 s - 2 scrolls of enchant weapon
 v - a scroll of fog
 w - 4 scrolls of silence
 x - 4 scrolls of recharging
 B - 5 scrolls of amnesia
 D - a scroll of holy word
Potions
 a - 4 potions of brilliance
 c - a potion of invisibility {unknown}
 e - 9 potions of curing
 g - 3 potions of agility
 m - 2 potions of heal wounds
 p - 2 potions of cure mutation
 q - 3 potions of resistance
 r - 5 potions of cancellation
 E - a potion of berserk rage {unknown}
 K - 2 potions of haste {unknown}
 N - 4 potions of lignification
 O - a potion of might {unknown}
 R - 3 potions of flight
 X - a potion of magic {unknown}
Books
 C - a book of Power

   Spells                             Type                      Level
   a - Fulminant Prism                Conjuration/Hexes            4
   b - Iskenderun's Mystic Blast      Conjuration                  4
   c - Venom Bolt                     Conjuration/Poison           5
   d - Bolt of Magma                  Conjuration/Fire/Earth       5
   e - Iron Shot                      Conjuration/Earth            6
   f - Orb of Destruction             Conjuration                  7
   g - Spellforged Servitor           Conjuration/Summoning        7
Comestibles
 b - 6 meat rations
 d - 13 bread rations
 l - a chunk of flesh
 o - 17 fruits
 M - 9 beef jerkies
 P - a slice of pizza
 Z - 2 royal jellies


   Skills:
 + Level 11.8 Fighting
 - Level 8.0 Dodging
 * Level 2.5 Shields
 - Level 16.5 Unarmed Combat
 - Level 1.2 Spellcasting
 - Level 1.3 Transmutations
 + Level 11.3 Invocations


You had 15 spell levels left.
You knew the following spells:

 Your Spells              Type           Power        Failure   Level  Hunger
a - Beastly Appendage     Tmut           #.....       80%         1    ##.....


Dungeon Overview and Level Annotations

Branches:
Dungeon (12/15)            Temple (0/1) D:7            Lair (6/6) D:11
 Shoals (0/4) Lair:2        Snake (1/4) Lair:3        Slime (0/5) Lair:6
    Orc (2/2) D:10            Elf (0/3) Orc:2

Altars:
Cheibriados
Elyvilon
Hepliaklqana
Makhleb
Ru
Sif Muna
Uskayaw
Xom
Zin
The Shining One
Beogh
Jiyva

Shops:
D:5 %:*   Orc:2 (*[=

Annotations:
D:12 Rupert
Lair:5 1 exclusion, Nessos
Snake:1 Aizul
Orc:2 Kenran's ghost, journeyman MiAK


Innate Abilities, Weirdness & Mutations

You are too large for most types of armour.
You have claws for hands.
Your metabolism is lightning-fast.
You like to eat raw meat.
Your natural rate of healing is unusually fast.
You are covered in fur. (AC +1)
You have very tough skin. (AC +2)
You are clumsy. (Dex -2)
Armour fits poorly on your strangely shaped body.
Your spells are a little easier to cast, but a little less powerful.


Message History

The white very ugly thing is moderately wounded.
The white very ugly thing punches you but does no damage.
You mangle the white very ugly thing!!
The white very ugly thing is heavily wounded.
You block the white very ugly thing's attack.
You scratch the white very ugly thing but do no damage.
The white very ugly thing is heavily wounded.
The white very ugly thing punches you!
The white very ugly thing freezes you!!!
A white imp comes into view.
A demon appears!
The white very ugly thing punches you!
The white very ugly thing freezes you!!!
* * * LOW HITPOINT WARNING * * *
As you read the scroll of teleportation, it crumbles to dust.
You feel strangely unstable.
You feel the power of the Abyss delaying your translocation!
The white very ugly thing punches you!
* * * LOW HITPOINT WARNING * * *
The white very ugly thing freezes you!!!
You die...

.#
######## #
#.≈.÷##.
.# # #.##
#.##.# #
##.##.##.#
.# #.
...≈.. ..
.# #.##.##
##.##?# #
##.## ##
###
###@2.# #
...# ##u##
###### #X#
.≈. #.##
#.# .≈$
###


You could see a white very ugly thing, a thrashing horror and a friendly
blizzard demon.

Vanquished Creatures
  A tentacled starspawn (Abyss:2)
  Gastronok (D:10)
  An orc warlord (Orc:2)
  A dire elephant (Lair:6)
  Azrael (D:12)
  An ettin (Orc:1)
  The ghost of Yakui the Basher, a journeyman DsGl of Uskayaw (Lair:1)
  2 catoblepae
  2 naga warriors (Snake:1)
  2 anacondas (Snake:1)
  8 death yaks
  A deep troll shaman (Lair:6)
  3 orc high priests
  2 naga sharpshooters (Snake:1)
  A large abomination (Abyss:2)
  Nergalle (D:12)
  A naga ritualist (Snake:1)
  3 hill giants
  A lindwurm (Lair:5)
  8 orc knights
  4 orc sorcerers
  5 elephants (Lair:6)
  5 mana vipers (Snake:1)
  A salamander (Snake:1)
  An ugly thing (D:12)
  The ghost of Enish the Gouger, a novice FeAK of Lugonu (Lair:1)
  13 black mambas
  A smoke demon (Abyss:2)
  A naga mage (Snake:1)
  11 spiny frogs
  4 komodo dragons
  2 rime drakes (Lair:3)
  A tormentor (Abyss:2)
  A freezing wraith (Abyss:2)
  An ancient zyme (Abyss:2)
  A hornet (D:10)
  A polar bear (Lair:5)
  4 trolls
  A two-headed ogre (D:11)
  12 blink frogs
  A raiju (Abyss:2)
  14 dream sheep
  7 hippogriffs
  A snapping turtle (Lair:2)
  A wraith (D:12)
  24 yaks
  3 wyverns
  2 fire bats (Abyss:2)
  2 fire elementals (D:12)
  A hungry ghost (D:9)
  3 basilisks
  3 wargs
  5 nagas
  6 porcupines
  3 hell hounds (D:12)
  12 water moccasins
  2 black bears
  40 orc warriors
  5 phantoms
  A necrophage (D:11)
  An eye of draining (D:9)
  2 ice beasts
  3 sky beasts
  10 ogres
  31 wolves
  5 centaurs
  6 crocodiles
  Blork the orc (D:5)
  4 big kobolds
  21 bullfrogs
  3 small abominations (Abyss:2)
  A wyvern skeleton (D:8)
  3 scorpions
  7 killer bees
  8 wights
  An electric eel (Lair:2)
  4 howler monkeys
  A centaur zombie (D:11)
  4 crimson imps
  A quasit (D:7)
  A bullfrog zombie (D:10)
  7 hounds
  A gnoll shaman (D:9)
  8 orc priests
  3 jellies
  2 bullfrog skeletons
  2 iguanas
  13 orc wizards
  5 worker ants
  4 worker ant zombies
  15 gnolls
  2 howler monkey skeletons
  9 adders
  A river rat (D:12)
  2 shadow imps
  A white imp (D:7)
  An ooze (D:1)
  A worm (D:2)
  A dart slug (D:2)
  3 leopard geckos
  59 orcs
  6 giant cockroaches
  10 goblins
  7 hobgoblins
  2 jackals (D:3)
  3 quokkas
  9 bats
  5 frilled lizards
  A jackal zombie (D:7)
  41 kobolds
  A leopard gecko skeleton (D:4)
  7 rats
599 creatures vanquished.

Vanquished Creatures (others)
  A death yak (Lair:6)
  15 fungi
  3 plants
19 creatures vanquished.

Grand Total: 618 creatures vanquished

Notes
Turn   | Place    | Note
-------+----------+-------------------------------------------
     0 | D:1      | motkuristreak the Troll Transmuter began the quest for the Orb.
     0 | D:1      | Reached XP level 1. HP: 18/18 MP: 1/1
    58 | D:1      | Reached skill level 1 in Fighting
    76 | D:1      | Reached XP level 2. HP: 27/27 MP: 2/2
   191 | D:1      | Reached XP level 3. HP: 33/33 MP: 3/3
   676 | D:1      | Reached skill level 4 in Unarmed Combat
   708 | D:2      | Found a deep blue altar of Sif Muna.
   709 | D:2      | Found a burning altar of Makhleb.
   716 | D:2      | Became a worshipper of Makhleb the Destroyer
  1408 | D:3      | Reached XP level 4. HP: 42/42 MP: 4/4
  1520 | D:3      | Reached * piety under Makhleb
  1522 | D:3      | Found a sacrificial altar of Ru.
  1681 | D:3      | Reached skill level 5 in Unarmed Combat
  1935 | D:3      | Reached XP level 5. HP: 49/49 MP: 5/5
  1955 | D:3      | Found a snail-covered altar of Cheibriados.
  2149 | D:4      | Reached XP level 6. HP: 47/59 MP: 6/6
  2472 | D:4      | Reached skill level 6 in Unarmed Combat
  2617 | D:5      | Entered Level 5 of the Dungeon
  2619 | D:5      | Found Solieg's Food Shoppe.
  2701 | D:5      | Noticed a sky beast
  2708 | D:5      | Reached ** piety under Makhleb
  2720 | D:5      | Killed a sky beast
  2720 | D:5      | Reached skill level 7 in Unarmed Combat
  2720 | D:5      | Reached XP level 7. HP: 67/67 MP: 7/7
  2820 | D:5      | Found Goginik's Book Boutique.
  2987 | D:5      | Noticed Blork the orc
  3006 | D:5      | Killed Blork the orc
  3040 | D:5      | Reached skill level 8 in Unarmed Combat
  3139 | D:5      | Reached XP level 8. HP: 71/79 MP: 8/8
  3214 | D:5      | Found Xaynuegg's Assorted Antiques.
  3217 | D:5      | Bought a steaming bronze amulet for 115 gold pieces
  3217 | D:5      | Identified the amulet "Iniob" {Gourm rN++} (You bought it in a shop on level 5 of the Dungeon)
  3268 | D:5      | Bought a smoky coppery potion for 20 gold pieces
  3268 | D:5      | Bought a fizzy dark potion for 20 gold pieces
  3268 | D:5      | Bought a dark potion for 20 gold pieces
  3389 | D:6      | Reached skill level 9 in Unarmed Combat
  3885 | D:7      | Reached skill level 5 in Fighting
  3954 | D:7      | Found a staircase to the Ecumenical Temple.
  3969 | D:7      | Reached skill level 10 in Unarmed Combat
  4001 | D:7      | Reached XP level 9. HP: 88/88 MP: 9/9
  4322 | D:7      | Found a glowing silver altar of Zin.
  4322 | D:7      | Found a glowing golden altar of the Shining One.
  4322 | D:7      | Found a white marble altar of Elyvilon.
  4355 | D:7      | Got a tattered robe
  4366 | D:7      | Identified the +2 robe of Untruth {*Contam rN+++ SInv Stlth+} (You found it on level 7 of the Dungeon)
  4391 | D:7      | Reached *** piety under Makhleb
  4561 | D:8      | Found a shimmering altar of Xom.
  4582 | D:8      | Reached skill level 11 in Unarmed Combat
  4787 | D:8      | Reached skill level 1 in Invocations
  5350 | D:9      | Noticed a troll
  5359 | D:9      | Killed a troll
  5511 | D:9      | Found a hazy altar of Hepliaklqana.
  5539 | D:9      | Noticed a troll
  5570 | D:9      | Killed a troll
  5570 | D:9      | Reached XP level 10. HP: 64/100 MP: 10/10
  5867 | D:9      | Reached **** piety under Makhleb
  6203 | D:10     | Entered Level 10 of the Dungeon
  6229 | D:10     | Found a staircase to the Orcish Mines.
  6247 | Orc:1    | Entered Level 1 of the Orcish Mines
  6256 | Orc:1    | Noticed an ettin
  6282 | D:10     | Reached skill level 12 in Unarmed Combat
  6307 | D:10     | Found a hide-covered altar of Uskayaw.
  6318 | D:10     | Paralysed by a hornet for 1 turns
  6339 | D:10     | Noticed Gastronok
  6414 | D:10     | Killed Gastronok
  6582 | D:10     | Reached ***** piety under Makhleb
  6714 | D:10     | Reached XP level 11. HP: 99/109 MP: 11/13
  7131 | D:11     | Found a staircase to the Lair.
  7140 | Lair:1   | Entered Level 1 of the Lair of Beasts
  7185 | Lair:1   | Noticed Yakui's ghost (journeyman DsGl)
  7245 | Lair:1   | Killed Yakui's ghost
  7245 | Lair:1   | Reached skill level 13 in Unarmed Combat
  7344 | Lair:1   | Noticed Enish's ghost (novice FeAK)
  7383 | Lair:1   | Killed Enish's ghost
  7562 | Lair:1   | Reached skill level 5 in Dodging
  7562 | Lair:1   | Reached skill level 5 in Invocations
  8571 | Lair:2   | Found a staircase to the Shoals.
  9150 | Lair:3   | Noticed a five-headed hydra
  9317 | Lair:3   | Noticed a death yak
  9317 | Lair:3   | Noticed a death yak
  9318 | Lair:3   | Noticed a death yak
  9318 | Lair:3   | Noticed a death yak
  9318 | Lair:3   | Noticed a death yak
  9319 | Lair:3   | Noticed a death yak
  9346 | Lair:3   | Killed a death yak
  9346 | Lair:3   | Reached XP level 12. HP: 100/122 MP: 9/15
  9349 | Lair:3   | Killed a death yak
  9353 | Lair:3   | Killed a death yak
  9353 | Lair:3   | Reached skill level 14 in Unarmed Combat
  9358 | Lair:3   | Killed a death yak
  9367 | Lair:3   | Killed a death yak
  9377 | Lair:3   | Killed a death yak
  9503 | Lair:3   | Found a staircase to the Snake Pit.
  9515 | Lair:3   | Reached ****** piety under Makhleb
  9538 | Lair:3   | Noticed a catoblepas
  9538 | Lair:3   | a seven-headed hydra changed into a catoblepas
  9547 | Lair:3   | Killed a catoblepas
  9747 | Lair:3   | Got a flickering bronze ring
 10079 | Lair:4   | Noticed a four-headed hydra
 10379 | Lair:4   | Identified the ring "Ipruy" {*Tele *Drain rN+ Str+5 Int+3} (You took it off a naga on level 3 of the Lair of Beasts)
 10875 | Lair:5   | Noticed Nessos
 10884 | Lair:5   | Reached XP level 13. HP: 131/131 MP: 14/17
 11283 | Lair:5   | You fall through a shaft!
 11283 | Lair:6   | Entered Level 6 of the Lair of Beasts
 11493 | Lair:6   | Found a viscous altar of Jiyva.
 11494 | Lair:6   | Found a staircase to the Slime Pits.
 11546 | Lair:6   | Reached skill level 15 in Unarmed Combat
 12028 | Lair:6   | Reached skill level 10 in Fighting
 12232 | Lair:6   | Noticed a dire elephant
 12364 | Lair:6   | Killed a dire elephant
 12456 | Lair:6   | Got a shimmering dagger
 12457 | Lair:6   | Identified the cursed +1 dagger of Buanos {pierce, Fragile rElec Dex+2} (You found it on level 6 of the Lair of Beasts)
 12796 | Orc:1    | Killed an ettin
 13184 | Orc:2    | Entered Level 2 of the Orcish Mines
 13184 | Orc:2    | Found Cehil's General Store.
 13184 | Orc:2    | Noticed Kenran's ghost (journeyman MiAK)
 13336 | Snake:1  | Entered Level 1 of the Snake Pit
 13350 | Snake:1  | Noticed Aizul
 13488 | Snake:1  | Reached XP level 14. HP: 127/144 MP: 15/20
 13682 | Snake:1  | Reached skill level 10 in Invocations
 14059 | D:12     | Found a flagged portal.
 14073 | Bailey   | Entered a bailey
 14409 | D:12     | Reached skill level 16 in Unarmed Combat
 14426 | D:12     | Noticed Nergalle
 14436 | D:12     | Killed Nergalle
 14443 | D:12     | Noticed Azrael
 14455 | D:12     | Killed Azrael
 14803 | D:12     | Noticed Rupert
 15377 | Orc:2    | Gained mutation: Your spells are a little easier to cast, but a little less powerful. [a neqoxec]
 15383 | Orc:2    | Gained mutation: Armour fits poorly on your strangely shaped body. [a neqoxec]
 15384 | Orc:2    | Gained mutation: You are clumsy. (Dex -2) [a neqoxec]
 15407 | Orc:2    | Noticed an orc warlord
 15658 | Orc:2    | Found a roughly hewn altar of Beogh.
 15704 | Orc:2    | Noticed an orc warlord
 15737 | Orc:2    | Killed an orc warlord
 15856 | Orc:2    | Found Nimias's Jewellery Emporium.
 15880 | Orc:2    | Found a staircase to the Elven Halls.
 16012 | Orc:2    | Found Likaot's Antique Armour Emporium.
 16310 | Orc:2    | Found Ziolugh's Antique Weapon Shoppe.
 16344 | Orc:2    | Bought a +0 shield for 72 gold pieces
 16344 | Orc:2    | Bought a scroll of identify for 32 gold pieces
 16471 | Orc:2    | Cast into level 2 of the Abyss (Kenran's ghost)
 16472 | Abyss:2  | Reached skill level 1 in Shields
 16499 | Abyss:2  | Noticed a tentacled starspawn
 16505 | Abyss:2  | Killed a tentacled starspawn
 16511 | Abyss:2  | Reached XP level 15. HP: 136/156 MP: 13/22
 16669 | Abyss:2  | Demolished by a white very ugly thing

Vault maps used:
D:1:      dpeg_arrival_long_road
D:2:      chequers_temple_overflow_statue_of_worship
D:3:      lemuel_round_altar, lemuel_doored_altar, serial_bayou_pond_d
D:4:      first_bread, serial_glass, glass_columns_a, glass_columns_b
D:5:      serial_shops, nicolae_shop_crystal, nicolae_shop_crystal,
          nicolae_shop_crystal, uniq_blork_the_orc
D:7:      good_gods_mini_temple, minmay_fire_ice_demons
D:8:      basic_altar
D:9:      minmay_goldmine, lemuel_round_altar
D:10:     orc_0_dummy, basic_altar, uniq_gastronok
D:11:     lair_0_dummy, grunt_ogre_cave
D:12:     nooodl_glass_maze, enter_bailey_2, pond, uniq_erolcha, uniq_nergalle,
          uniq_psyche, uniq_rupert, uniq_azrael
Lair:1:   lemuel_fruit_tree, serial_bayou_shore_b
Lair:2:   minmay_shoals_entry_hut
Lair:3:   minmay_snake_entry_guardpost_small, minmay_stone_trees_small
Lair:5:   uniq_nessos
Lair:6:   grunt_lair_end_beastmaster, slime_altar_1
Snake:1:  uniq_aizul
Orc:2:    grunt_orc_gardens, grunt_orc_garden, grunt_orc_garden,
          grunt_orc_garden, grunt_orc_garden, basic_altar, nooodl_orcs_dogs
Abyss:2:  hangedman_cross_veins
Bailey:   bailey_axe_1, bailey

Skill      XL: |  1  2  3  4  5  6  7  8  9 10 11 12 13 14 15 |
---------------+----------------------------------------------+-----
Fighting       | 1 2 3 4 5 6 7 8 9 10 11 | 11.8
Unarmed Combat | 4 5 7 8 10 11 12 13 14 15 16 | 16.5
Invocations    | 2 4 6 7 9 11 | 11.3
Dodging        | 2 4 5 7 8 |  8.0
Shields        | 1 2 |  2.5
Spellcasting   | |  1.2
Transmutations | |  1.3

Action                   |  1- 3 |  4- 6 |  7- 9 | 10-12 | 13-15 || total
-------------------------+-------+-------+-------+-------+-------++-------
Melee: Unarmed           |    90 |   118 |   274 |   650 |   966 ||  2098
       Punch             |     1 |     1 |    12 |    37 |    77 ||   128
 Cast: Beastly Appendage |     1 |       |       |       |       ||     1
Invok: Greater Servant o |       |       |       |       |     3 ||     3
Evoke: Wand              |       |     1 |       |     8 |     7 ||    16
  Use: Scroll            |       |     5 |     8 |    13 |    19 ||    45
       Potion            |       |       |       |       |     4 ||     4
 Stab: Sleeping          |     1 |     1 |     2 |    14 |     9 ||    27
       Petrified         |       |       |       |       |     3 ||     3
       Distracted        |       |       |       |       |     1 ||     1
  Eat: Chunk             |    18 |    12 |    31 |    49 |    52 ||   162
Armor: Robe              |    26 |    35 |    99 |   155 |   182 ||   497
Dodge: Dodged            |    54 |    50 |   151 |   445 |   730 ||  1430
Block: Shield            |       |       |       |       |    30 ||    30
